 Dungeon Crawl Stone Soup version 0.31-a0-233-g139696dc86 (webtiles) character file.

Game seed: 1861319636254259008

70 qw the Shooter (level 4, -2/26 HPs)
             Began as a Gargoyle Hexslinger on July 8, 2023.
             Killed by divine providence
             ... invoked by an orc priest
              (15 damage)
             ... on level 4 of the Dungeon.
             The game lasted 00:00:38 (2073 turns).

qw the Shooter (Gargoyle Hexslinger)                Turns: 2073, Time: 00:00:39

Health: -2/26      AC:  5    Str: 12    XL:     4   Next: 21%
Magic:  5/5        EV: 12    Int: 13    God:
Gold:   190        SH:  0    Dex: 14    Spells: 4/5 levels left

rFire   . . .        Y - +1 sling
rCold   . . .        (no shield)
rNeg    + . .        c - +0 robe
rPois   inf          (no helmet)
rElec   +            (no cloak)
rCorr   .            (no gloves)
SInv    .            (no boots)
Will    .....        (no amulet)
Stlth   +            (no ring)
HPRegen 0.24/turn    (no ring)
MPRegen 0.09/turn

%: no passive effects
@: no status effects
A: sickness immunity, AC +3, negative energy resistance 1, electricity
resistance, torment resistance 1, petrification resistance
a: no special abilities


You were on level 4 of the Dungeon.
You visited 1 branch of the dungeon, and saw 4 of its levels.

You collected 190 gold pieces.


Innate Abilities, Weirdness & Mutations

You are immune to sickness and miasma.
Your stone body is resilient. (AC +3)
You are immune to poison.
You resist negative energy. (rN+)
You are resistant to electric shocks. (rElec)
You are resistant to unholy torment.
You are immune to petrification.


   Skills:
 - Level 2.0 Fighting
 + Level 4.0 Ranged Weapons
 - Level 1.5 Dodging
 - Level 1.0 Spellcasting
 - Level 2.6 Hexes


You had 4 spell levels left.
You knew the following spells:

 Your Spells              Type           Power      Damage    Failure   Level
a - Slow                  Hex            28%        N/A       10%         1

Your spell library contained the following spells:

 Spells                   Type           Power      Damage    Failure   Level
 Inner Flame              Hex/Fire       4%         N/A       43%         3
 Portal Projectile        Hex/Tloc       8%         N/A       43%         3
 Cause Fear               Hex            3%         N/A       67%         4

Inventory:

Hand Weapons
 Y - a +1 sling (weapon)
Armour
 c - a +0 robe (worn)
Potions
 a - a potion of brilliance {unknown}
 b - a potion of curing {unknown}
 e - a potion of attraction {unknown}
 f - a potion of might {unknown}
 g - a potion of magic {unknown}

Dungeon Overview and Level Annotations

Branches:
Dungeon (4/15)
 Temple: D:4-7

Altars:

Shops:
D:1 ?


Message History

You climb downwards.
There is a stone staircase leading up here.
Waypoint 3 assigned to D:4.
An orc comes into view. It is wielding a +0 short sword.
You shoot a sling bullet.
The sling bullet hits the orc but does no damage.
The orc shouts!
You hear a shout!
An orc priest comes into view. It is wielding a +0 club.
The orc priest shouts!
You shoot a sling bullet.
The sling bullet hits the orc but does no damage.
You hear a shout!
You shoot a sling bullet. The sling bullet hits the orc.
The orc is lightly wounded.
An orc wizard comes into view. It is wielding a +0 dagger of venom.
An orc wizard comes into view. It is wielding a +0 dagger.
2067 ||| Stepping ~*~*~tactically~*~*~ (outnumbered).
You shoot a sling bullet. The sling bullet hits the orc.
The orc is severely wounded.
You shoot a sling bullet.
The sling bullet closely misses the orc.
The sling bullet barely misses the orc wizard.
You shoot a sling bullet. The sling bullet hits the orc.
You kill the orc!
You shoot a sling bullet.
The sling bullet barely misses the orc wizard.
You hear a shout!
The orc wizard hits you with a +0 dagger.
You shoot a sling bullet.
The sling bullet barely misses the orc priest.
The orc priest hits you but does no damage.
The orc wizard points at you and mumbles some strange words.
The puff of flame hits you!
You shoot a sling bullet. The sling bullet hits the orc priest.
The orc priest is lightly wounded.
The orc priest calls down the wrath of Beogh upon you.
Beogh smites you!
Ouch! That really hurt!
You die...

# ...... .##....##
.......## #......##
##......##
#........#
#........##
##....#....##
.#####...#####..@##
#.....<### ##.oo#
##....## ##..o..#
##### #....#..o
##..#.# . ......
....... .......
######


You could see an orc priest and 2 orc wizards.

Vanquished Creatures
  An adder (D:2)
  A worm (D:2)
  3 dart slugs
  An orc (D:4)
  5 ball pythons
  6 endoplasms
  5 giant cockroaches
  2 goblins
  3 hobgoblins
  A quokka (D:1)
  4 bats
  8 frilled lizards
  3 kobolds
  7 rats
50 creatures vanquished.

Notes
Turn   | Place    | Note
-------+----------+-------------------------------------------
     0 | D:1      | qw the Gargoyle Hexslinger began the quest for the Orb.
     0 | D:1      | Reached XP level 1. HP: 12/12 MP: 2/2
     0 | D:1      | 0 ||| qw: Version: 0.3-a-46-gb1f654a
     0 | D:1      | 0 ||| qw: Game counter: 3642
     0 | D:1      | 0 ||| qw: Melee chars always use a shield: true
     0 | D:1      | 0 ||| qw: God list: Okawaru
     0 | D:1      | 0 ||| qw: Allow faded altars: false
     0 | D:1      | 0 ||| qw: Do Orc after clearing Dungeon:15 true
     0 | D:1      | 0 ||| qw: Do second Lair branch before Depths: true
     0 | D:1      | 0 ||| qw: Lair rune preference: random
     0 | D:1      | 0 ||| qw: Goals: Normal
     0 | D:1      | 0 ||| PLANNING D:1-11
    17 | D:1      | Found a faded altar of an unknown god.
    86 | D:1      | Reached XP level 2. HP: 16/16 MP: 3/3
   119 | D:1      | Found Doczea's Magic Scroll Emporium.
   128 | D:1      | 128 ||| SHOPLISTING scroll of brand weapon (133 gold, have
                  | 18).
   128 | D:1      | 128 ||| SHOPLISTING scroll of teleportation (42 gold, have
                  | 18).
   161 | D:1      | Reached skill level 3 in Ranged Weapons
   237 | D:1      | Reached XP level 3. HP: 21/21 MP: 4/4
   650 | D:1      | 650 ||| READING scroll labelled DOOJUL GUUS.
   651 | D:1      | 651 ||| DROPPING scroll of poison.
  1124 | D:2      | Reached XP level 4. HP: 17/26 MP: 5/5
  1440 | D:2      | 1440 ||| READING scroll labelled VAATZI TAARAYZ LUT.
  1575 | D:3      | Reached skill level 4 in Ranged Weapons
  2039 | D:3      | 2039 ||| READING scroll labelled HAW ZUHITZEDO.
  2067 | D:4      | 2067 ||| Stepping ~*~*~tactically~*~*~ (outnumbered).
  2073 | D:4      | Killed from afar by an orc priest

Levels and vault maps discovered:
D:1:      lemuel_arrival_broad_hall, layout_loops_ring,
          ebering_ecumenical_altar_mist, serial_shops,
          nicolae_shop_window_shopping, minmay_pentomino_x2
D:2:      layout_basic
D:3:      layout_basic
D:4:      layout_layer_cave, cheibrodos_worm_habitat, bh_walls_and_bars

Skill      XL: |  1  2  3  4 |
---------------+-------------+-----
Ranged Weapons | 3 4 |  4.0
Fighting       | 2 |  2.0
Dodging        | |  1.5
Spellcasting   | |  1.0
Hexes          | |  2.6

Action                     |  1- 3 |  4- 6 || total
---------------------------+-------+-------++-------
   Fire: Sling             |   131 |    24 ||   155
    Use: Scroll            |     1 |     2 ||     3
 Armour: Robe              |    13 |     2 ||    15
  Dodge: Dodged            |    31 |     2 ||    33

Table legend:
 A = Non-vault XP
 B = Vault XP
 C = Vault XP percentage of total XP
 D = Non-vault monster count
 E = Vault monster count
 F = Vault count percentage of total count
                 A         B        C        D         E       F
            +---------+---------+-------+---------+---------+-------
      Total |      97 |       3 |   3.0 |      48 |       2 |   4.0
            +---------+---------+-------+---------+---------+-------
        D:1 |      38 |       3 |   7.3 |      21 |       2 |   8.7
        D:2 |      44 |       0 |   0.0 |      18 |       0 |   0.0
        D:3 |      12 |       0 |   0.0 |       8 |       0 |   0.0
        D:4 |       3 |       0 |   0.0 |       1 |       0 |   0.0
            +---------+---------+-------+---------+---------+-------
